BSA
JERSEY SHORE D-BAGS @ GREENVILLE 84S
07/17/2030
 
TOP OF THE 1ST
Jersey Shore D-Bags batting - Pitching for Greenville 84s : RHP Dave Smith
Pitching: RHP Dave Smith
Batting: LHB Juan Hernández 0-0: Called Strike
0-1: Ball
1-1: Ball
2-1: Ground out 1-3 (Groundball, 13)
Batting: RHB Ricardo González 0-0: Ball
1-0: Ball
2-0: Ball
3-0: Called Strike
3-1: Called Strike
3-2: Ground out 3-1 (Groundball, 34S)
Batting: LHB Dave Dodd 0-0: Called Strike
0-1: Foul Ball, location: 2F
0-2: Ball
1-2: Ball
2-2: SINGLE (Flyball, 78M)
Batting: RHB Miguel Serna 0-0: Ground out 4-3 (Groundball, 34)
Top of the 1st over - 0 runs, 1 hit, 0 errors, 1 left on base; Jersey Shore 0 - Greenville 0
BOTTOM OF THE 1ST
Greenville 84s batting - Pitching for Jersey Shore D-Bags : RHP Alex Stanford
Pitching: RHP Alex Stanford
Batting: LHB Stanley Smith 0-0: Called Strike
0-1: Swinging Strike
0-2: Ball
1-2: Ball
2-2: Foul Ball, location: 2F
2-2: Foul Ball, location: 2F
2-2: Ball
3-2: Ground out 4-3 (Groundball, 4)
Batting: LHB Juan Cortés 0-0: Ball
1-0: Fly out, F5 (Popup, 5SF)
Batting: RHB Enzo Díaz 0-0: Called Strike
0-1: Called Strike
0-2: Fly out, F7 (Flyball, 7)
Bottom of the 1st over - 0 runs, 0 hits, 0 errors, 0 left on base; Jersey Shore 0 - Greenville 0
TOP OF THE 2ND
Jersey Shore D-Bags batting - Pitching for Greenville 84s : RHP Dave Smith
Batting: LHB António Cedeño 0-0: Ball
1-0: Ball
2-0: Ball
3-0: Base on Balls
Batting: RHB Ben Morton 0-0: Ball
1-0: Fly out, F9 (Flyball, 9)
Batting: LHB Ray Bryant 0-0: Called Strike
0-1: Ball
1-1: Ball
2-1: Ball
3-1: Foul Ball, location: 2F
3-2: Grounds into double play, 3-6-1 (Groundball, 3)
Top of the 2nd over - 0 runs, 0 hits, 0 errors, 0 left on base; Jersey Shore 0 - Greenville 0
BOTTOM OF THE 2ND
Greenville 84s batting - Pitching for Jersey Shore D-Bags : RHP Alex Stanford
Batting: LHB Brock Larsen 0-0: Ball
1-0: SINGLE (Groundball, 4MD)
Batting: LHB Jimmy Vickers 0-0: Ball
1-0: Ball
2-0: Called Strike
2-1: Ball
3-1: SINGLE (Groundball, 5D)
Brock Larsen to second
Batting: RHB Casey Fox 0-0: Swinging Strike
0-1: Foul Ball, location: 2F
0-2: Ball
1-2: Foul Ball, location: 2F
1-2: Foul Ball, location: 2F
1-2: Foul Ball, location: 2F
1-2: Ball
2-2: Fly out, F9 (Flyball, 9S)
Batting: LHB Robert Moore 0-0: Ball
1-0: Ball
2-0: Foul Ball, location: 2F
2-1: Foul Ball, location: 2F
2-2: Foul Ball, location: 2F
2-2: Fielders Choice at 2nd, 3-6 (Groundball, 3)
Brock Larsen to third
Batting: RHB Robert Buckley 0-0: Ground out U3 (Groundball, 3L)
Bottom of the 2nd over - 0 runs, 2 hits, 0 errors, 2 left on base; Jersey Shore 0 - Greenville 0
TOP OF THE 3RD
Jersey Shore D-Bags batting - Pitching for Greenville 84s : RHP Dave Smith
Batting: RHB Francisco Sandoval 0-0: Called Strike
0-1: DOUBLE (Line Drive, 7LD)
Batting: RHB Mike Ingram 0-0: Ball
1-0: Called Strike
1-1: Foul Ball, location: 2F
1-2: Strikes out swinging
Batting: LHB Juan Hernández 0-0: Ground out 5-3 (Groundball, 5S)
Francisco Sandoval to third
Batting: RHB Ricardo González 0-0: Called Strike
0-1: Swinging Strike
0-2: Ball
1-2: Foul Ball, location: 2F
1-2: Ball
2-2: Ground out 1-3 (Groundball, 13)
Top of the 3rd over - 0 runs, 1 hit, 0 errors, 1 left on base; Jersey Shore 0 - Greenville 0
BOTTOM OF THE 3RD
Greenville 84s batting - Pitching for Jersey Shore D-Bags : RHP Alex Stanford
Batting: RHB Jeff Packard 0-0: Ball
1-0: Ground out 3-1 (Groundball, 34S)
Batting: LHB Stanley Smith 0-0: Called Strike
0-1: Foul Ball, location: 2F
0-2: Strikes out swinging
Batting: LHB Juan Cortés 0-0: Ball
1-0: SINGLE (Groundball, 4MD)
Batting: RHB Enzo Díaz 0-0: Fielders Choice at 2nd, 5-4 (Groundball, 5L)
Bottom of the 3rd over - 0 runs, 1 hit, 0 errors, 1 left on base; Jersey Shore 0 - Greenville 0
TOP OF THE 4TH
Jersey Shore D-Bags batting - Pitching for Greenville 84s : RHP Dave Smith
Batting: LHB Dave Dodd 0-0: Called Strike
0-1: Called Strike
0-2: Ball
1-2: Ball
2-2: DOUBLE (Flyball, 8LXD)
Batting: RHB Miguel Serna 0-0: Called Strike
0-1: Ball
1-1: Ball
2-1: Ball
3-1: Base on Balls
Batting: LHB António Cedeño 0-0: Foul Ball, location: 2F
0-1: Foul Ball, location: 2F
0-2: Ball
1-2: Foul Ball, location: 2F
1-2: Grounds into double play, 6-4-3 (Groundball, 6M)
Dave Dodd to third
Batting: RHB Ben Morton 0-0: Called Strike
0-1: Foul Ball, location: 2F
0-2: Ball
1-2: Strikes out swinging
Top of the 4th over - 0 runs, 1 hit, 0 errors, 1 left on base; Jersey Shore 0 - Greenville 0
BOTTOM OF THE 4TH
Greenville 84s batting - Pitching for Jersey Shore D-Bags : RHP Alex Stanford
Batting: LHB Brock Larsen 0-0: Ball
1-0: Swinging Strike
1-1: Called Strike
1-2: Strikes out swinging
Batting: LHB Jimmy Vickers 0-0: Called Strike
0-1: Ball
1-1: SINGLE (Groundball, 6MD)
Batting: RHB Casey Fox 0-0: Ball
1-0: Grounds into double play, 6-4-3 (Groundball, 6)
Bottom of the 4th over - 0 runs, 1 hit, 0 errors, 0 left on base; Jersey Shore 0 - Greenville 0
TOP OF THE 5TH
Jersey Shore D-Bags batting - Pitching for Greenville 84s : RHP Dave Smith
Batting: LHB Ray Bryant 0-0: Called Strike
0-1: Ball
1-1: Ball
2-1: Ball
3-1: Base on Balls
Batting: RHB Francisco Sandoval 0-0: Foul Ball, location: 2F
0-1: Ball
1-1: Ball
2-1: Ball
3-1: Base on Balls
Ray Bryant to second
Batting: RHB Mike Ingram 0-0: Fly out, F5 (Popup, 56S)
Batting: LHB Juan Hernández 0-0: Ball
1-0: Ball
2-0: DOUBLE (Line Drive, 78D)
Ray Bryant scores
Francisco Sandoval to third
Batting: RHB Ricardo González 0-0: Ball
1-0: DOUBLE (Flyball, 8RXD)
Francisco Sandoval scores
Juan Hernández scores
Batting: LHB Dave Dodd 0-0: Intentional Walk
Batting: RHB Miguel Serna 0-0: Ball
1-0: Foul Ball, location: 2F
1-1: Fly out, F8 (Flyball, 8RM)
Batting: LHB António Cedeño 0-0: Called Strike
0-1: Fielders Choice at 2nd, 6-4 (Groundball, 6)
Top of the 5th over - 3 runs, 2 hits, 0 errors, 2 left on base; Jersey Shore 3 - Greenville 0
BOTTOM OF THE 5TH
Greenville 84s batting - Pitching for Jersey Shore D-Bags : RHP Alex Stanford
Batting: LHB Robert Moore 0-0: Ground out 4-3 (Groundball, 4)
Batting: RHB Robert Buckley 0-0: DOUBLE (Line Drive, 7LM)
Batting: RHB Jeff Packard 0-0: Foul Ball, location: 2F
0-1: Ball
1-1: Called Strike
1-2: Ball
2-2: Fly out, F7 (Flyball, 78S)
Batting: LHB Stanley Smith 0-0: Ball
1-0: Foul Ball, location: 2F
1-1: Ball
2-1: Ball
3-1: Swinging Strike
3-2: TRIPLE (Flyball, 78XD)
Robert Buckley scores
Batting: LHB Juan Cortés 0-0: Ball
1-0: Ball
2-0: Called Strike
2-1: SINGLE (Line Drive, 3D)
Stanley Smith scores
Batting: RHB Enzo Díaz 0-0: Foul Ball, location: 2F
0-1: Foul Ball, location: 2F
0-2: Ball
1-2: Ball
2-2: Fly out, F2 (Popup, 13S)
Bottom of the 5th over - 2 runs, 3 hits, 0 errors, 1 left on base; Jersey Shore 3 - Greenville 2
TOP OF THE 6TH
Jersey Shore D-Bags batting - Pitching for Greenville 84s : RHP Dave Smith
Batting: RHB Ben Morton 0-0: Ball
1-0: Foul Ball, location: 2F
1-1: Ball
2-1: Called Strike
2-2: Ball
3-2: Strikes out swinging
Pitching: LHP Raymond Ritchie
Batting: LHB Ray Bryant 0-0: Ball
1-0: Ball
2-0: Ball
3-0: Called Strike
3-1: Foul Ball, location: 2F
3-2: Foul Ball, location: 2F
3-2: Foul Ball, location: 2F
3-2: Ground out 4-3 (Groundball, 4S)
Batting: RHB Francisco Sandoval 0-0: Called Strike
0-1: Called Strike
0-2: Strikes out swinging
Top of the 6th over - 0 runs, 0 hits, 0 errors, 0 left on base; Jersey Shore 3 - Greenville 2
BOTTOM OF THE 6TH
Greenville 84s batting - Pitching for Jersey Shore D-Bags : RHP Alex Stanford
Batting: LHB Brock Larsen 0-0: Swinging Strike
0-1: DOUBLE (Line Drive, 89M)
Batting: LHB Jimmy Vickers 0-0: Ball
1-0: Ball
2-0: Ball
3-0: Called Strike
3-1: Swinging Strike
3-2: Ground out 6-3 (Groundball, 6)
Brock Larsen to third
Batting: RHB Casey Fox 0-0: Swinging Strike
0-1: Swinging Strike
0-2: Ball
1-2: Foul Ball, location: 2F
1-2: Ground out 6-3 (Groundball, 6)
Batting: LHB Robert Moore 0-0: Swinging Strike
0-1: Fly out, F9 (Flyball, 9S)
Bottom of the 6th over - 0 runs, 1 hit, 0 errors, 1 left on base; Jersey Shore 3 - Greenville 2
TOP OF THE 7TH
Jersey Shore D-Bags batting - Pitching for Greenville 84s : LHP Raymond Ritchie
Batting: RHB Mike Ingram 0-0: Fly out, F8 (Flyball, 8LXD)
Batting: LHB Juan Hernández 0-0: Ball
1-0: Swinging Strike
1-1: SINGLE (Line Drive, 6D)
Batting: RHB Ricardo González 0-0: Called Strike
0-1: Fly out, F9 (Flyball, 89M)
Batting: LHB Dave Dodd 0-0: Ball
1-0: Ball
2-0: Called Strike
2-1: Ball
3-1: Base on Balls
Juan Hernández to second
Batting: RHB Miguel Serna 0-0: Ball
1-0: Swinging Strike
1-1: SINGLE (Groundball, 4D)
Juan Hernández to third
Dave Dodd to second
Runner from 3rd tries for Home, SAFE, no throw
Pinch Hitting: RHB Stephen Shaw 0-0: Ball
1-0: Ground out U3 (Groundball, 34S)
Top of the 7th over - 1 run, 2 hits, 0 errors, 2 left on base; Jersey Shore 4 - Greenville 2
BOTTOM OF THE 7TH
Greenville 84s batting - Pitching for Jersey Shore D-Bags : RHP Alex Stanford
Now at 1B: Jason Erickson
Batting: RHB Robert Buckley 0-0: Ball
1-0: Called Strike
1-1: Ball
2-1: Ground out 5-3 (Groundball, 5L)
Batting: RHB Jeff Packard 0-0: Called Strike
0-1: Foul Ball, location: 2F
0-2: Foul Ball, location: 2F
0-2: Foul Ball, location: 2F
0-2: Ball
1-2: Foul Ball, location: 2F
1-2: Fly out, F7 (Flyball, 7LMF)
Batting: LHB Stanley Smith 0-0: Called Strike
0-1: Ball
1-1: Swinging Strike
1-2: Foul Ball, location: 2F
1-2: Strikes out swinging
Bottom of the 7th over - 0 runs, 0 hits, 0 errors, 0 left on base; Jersey Shore 4 - Greenville 2
TOP OF THE 8TH
Jersey Shore D-Bags batting - Pitching for Greenville 84s : LHP Raymond Ritchie
Batting: RHB Ben Morton 0-0: Ball
1-0: Fly out, F8 (Flyball, 8RM)
Batting: LHB Ray Bryant 0-0: Foul Ball, location: 2F
0-1: Swinging Strike
0-2: Ball
1-2: Ball
2-2: Ball
3-2: Base on Balls
Batting: RHB Francisco Sandoval 0-0: Ball
1-0: Ball
2-0: Called Strike
2-1: Ball
3-1: Fly out, F3 (Line Drive, 3)
Lined into DP, U3 (Line Drive, 3)
Top of the 8th over - 0 runs, 0 hits, 0 errors, 0 left on base; Jersey Shore 4 - Greenville 2
BOTTOM OF THE 8TH
Greenville 84s batting - Pitching for Jersey Shore D-Bags : RHP Alex Stanford
Pitching: LHP Hyo-chin Kim
Batting: LHB Juan Cortés 0-0: Ball
1-0: Ball
2-0: Foul Ball, location: 2F
2-1: Ball
3-1: Called Strike
3-2: Strikes out swinging
Batting: RHB Enzo Díaz 0-0: Called Strike
0-1: Swinging Strike
0-2: Ball
1-2: Foul Ball, location: 2F
1-2: SOLO HOME RUN (Flyball, 7D), Distance : 349 ft
Batting: LHB Brock Larsen 0-0: SOLO HOME RUN (Flyball, 7D), Distance : 359 ft
Pitching: RHP José Ramos
Batting: LHB Jimmy Vickers 0-0: Called Strike
0-1: Ball
1-1: DOUBLE (Flyball, 8LD)
Batting: RHB Casey Fox 0-0: Called Strike
0-1: Ground out 5-3 (Groundball, 56)
Batting: LHB Robert Moore 0-0: Ball
1-0: Foul Ball, location: 2F
1-1: Ball
2-1: Swinging Strike
2-2: Ball
3-2: Strikes out looking
Bottom of the 8th over - 2 runs, 3 hits, 0 errors, 1 left on base; Jersey Shore 4 - Greenville 4
TOP OF THE 9TH
Jersey Shore D-Bags batting - Pitching for Greenville 84s : LHP Raymond Ritchie
Pitching: RHP Alejandro Hernández
Batting: RHB Mike Ingram 0-0: Ball
1-0: Swinging Strike
1-1: Foul Ball, location: 2F
1-2: Foul Ball, location: 2F
1-2: Strikes out looking
Batting: LHB Juan Hernández 0-0: Called Strike
0-1: Ball
1-1: SINGLE (Line Drive, 6D)
Batting: RHB Ricardo González 0-0: Ball
1-0: Foul Ball, location: 2F
1-1: Ball
2-1: Foul Ball, location: 2F
2-2: Fly out, F7 (Flyball, 7)
Batting: LHB Dave Dodd 0-0: Called Strike
Juan Hernández steals 2nd base
0-1: Ball
1-1: Ball
2-1: Ball
3-1: DOUBLE (Flyball, 78D)
Juan Hernández scores
Batting: RHB Miguel Serna 0-0: Ball
1-0: Ball
2-0: Called Strike
2-1: Ball
3-1: Base on Balls
Batting: RHB Jason Erickson 0-0: Ball
1-0: Foul Ball, location: 2F
1-1: Ball
2-1: Ball
3-1: Fly out, F1 (Popup, P)
Top of the 9th over - 1 run, 2 hits, 0 errors, 2 left on base; Jersey Shore 5 - Greenville 4
BOTTOM OF THE 9TH
Greenville 84s batting - Pitching for Jersey Shore D-Bags : RHP José Ramos
Pitching: RHP John Hall
Batting: RHB Robert Buckley 0-0: Called Strike
0-1: Swinging Strike
0-2: Strikes out swinging
Batting: RHB Jeff Packard 0-0: Swinging Strike
0-1: Ball
1-1: Ball
2-1: Fly out, F8 (Flyball, 8LD)
Batting: LHB Stanley Smith 0-0: SINGLE (Groundball, 3S) (infield hit)
Batting: LHB Juan Cortés 0-0: Ball
1-0: Ball
2-0: SINGLE (Line Drive, 6M)
Stanley Smith to second
Batting: RHB Enzo Díaz 0-0: SINGLE (Line Drive, 8RS)
Stanley Smith to third
Juan Cortés to second
Runner from 3rd tries for Home, SAFE, throw made home
Batting: LHB Brock Larsen 0-0: Ball
1-0: Ground out 3-1 (Groundball, 34S)
Bottom of the 9th over - 1 run, 3 hits, 0 errors, 2 left on base; Jersey Shore 5 - Greenville 5
TOP OF THE 10TH
Jersey Shore D-Bags batting - Pitching for Greenville 84s : RHP Alejandro Hernández
Pitching: RHP Ricardo Trujillo
Batting: RHB Ben Morton 0-0: Called Strike
0-1: Swinging Strike
0-2: Foul Ball, location: 2F
0-2: SINGLE (Groundball, 34D)
Batting: LHB Ray Bryant 0-0: Sac Bunt - play at first, batter OUT! 2-4
Ben Morton to second
Batting: RHB Francisco Sandoval 0-0: Ball
1-0: Ball
2-0: Ball
3-0: Called Strike
3-1: Called Strike
3-2: Base on Balls
Batting: RHB Mike Ingram 0-0: Grounds into double play, 4-6-3 (Groundball, 4)
Top of the 10th over - 0 runs, 1 hit, 0 errors, 1 left on base; Jersey Shore 5 - Greenville 5
BOTTOM OF THE 10TH
Greenville 84s batting - Pitching for Jersey Shore D-Bags : RHP John Hall
Pitching: RHP Barry Garner
Batting: LHB Jimmy Vickers 0-0: Ball
1-0: Ball
2-0: Called Strike
2-1: Ball
3-1: Foul Ball, location: 2F
3-2: Strikes out swinging
Batting: RHB Casey Fox 0-0: Called Strike
0-1: Ball
1-1: Swinging Strike
1-2: Ball
2-2: Ball
3-2: Foul Ball, location: 2F
3-2: Base on Balls
Batting: LHB Robert Moore 0-0: Fly out, F9 (Flyball, 9LS)
Batting: RHB Robert Buckley 0-0: Called Strike
0-1: Ball
1-1: Ball
2-1: Called Strike
2-2: Foul Ball, location: 2F
2-2: Strikes out swinging
Bottom of the 10th over - 0 runs, 0 hits, 0 errors, 1 left on base; Jersey Shore 5 - Greenville 5
TOP OF THE 11TH
Jersey Shore D-Bags batting - Pitching for Greenville 84s : RHP Ricardo Trujillo
Batting: LHB Juan Hernández 0-0: SINGLE (Line Drive, 4M)
Batting: RHB Ricardo González 0-0: Called Strike
0-1: Bunt missed!
0-2: Ball
1-2: Ball
2-2: Ball
3-2: Base on Balls
Juan Hernández to second
Batting: LHB Dave Dodd 0-0: Ball
Juan Hernández steals 3rd base
Ricardo González to second
1-0: Intentional Walk
Batting: RHB Miguel Serna 0-0: Called Strike
0-1: Foul Ball, location: 2F
0-2: Foul Ball, location: 2F
0-2: Grounds into double play, 6-2-3 (Groundball, 6)
Ricardo González to third
Dave Dodd to second
Batting: RHB Jason Erickson 0-0: Foul Ball, location: 2F
0-1: Ball
1-1: Foul Ball, location: 2F
1-2: Foul Ball, location: 2F
1-2: DOUBLE (Line Drive, 7LD)
Ricardo González scores
Dave Dodd scores
Batting: RHB Ben Morton 0-0: Called Strike
0-1: Swinging Strike
0-2: Foul Ball, location: 2F
0-2: Ball
1-2: Ball
2-2: DOUBLE (Line Drive, 78D)
Jason Erickson scores
Pitching: LHP Walt MacKey
Batting: LHB Ray Bryant 0-0: Ball
1-0: Foul Ball, location: 2F
1-1: Foul Ball, location: 2F
1-2: SINGLE (Line Drive, 56D)
Ben Morton to third
Runner from 3rd tries for Home, SAFE, no throw
Batting: RHB Francisco Sandoval 0-0: Called Strike
0-1: Swinging Strike
0-2: Ball
1-2: Ball
2-2: Ball
3-2: DOUBLE (Line Drive, 78XD)
Ray Bryant to third
Ray Bryant scores
Batting: RHB Mike Ingram 0-0: Ball
1-0: Ball
2-0: Ball
3-0: Base on Balls
Batting: LHB Juan Hernández 0-0: Called Strike
0-1: Ball
1-1: Ball
2-1: Ball
3-1: Foul Ball, location: 2F
3-2: Base on Balls
Francisco Sandoval to third
Mike Ingram to second
Batting: RHB Ricardo González 0-0: Ball
1-0: Foul Ball, location: 2F
1-1: Ball
2-1: Fly out, F9 (Flyball, 89S)
Top of the 11th over - 5 runs, 5 hits, 0 errors, 3 left on base; Jersey Shore 10 - Greenville 5
BOTTOM OF THE 11TH
Greenville 84s batting - Pitching for Jersey Shore D-Bags : RHP Barry Garner
Batting: RHB Jeff Packard 0-0: Called Strike
0-1: Called Strike
0-2: Strikes out swinging
Batting: LHB Stanley Smith 0-0: Ball
1-0: TRIPLE (Line Drive, 7LD)
Batting: LHB Juan Cortés 0-0: Called Strike
0-1: Ball
1-1: Ground out 1-3 (Groundball, P)
Batting: RHB Enzo Díaz 0-0: Fly out, F8 (Flyball, 8LXD)
Bottom of the 11th over - 0 runs, 1 hit, 0 errors, 1 left on base; Jersey Shore 10 - Greenville 5
Saturday, April 7th, 2018 - OOTP Baseball 18.8 Build 76